 Dungeon Crawl Stone Soup version 0.29.1-2-gbd0b4ee654 (webtiles) character file.

Game seed: 1818454594233687219

683 RascalDebosk the Magician (level 7, -7/52 HPs)
             Began as a Djinni Air Elementalist on Oct 23, 2022.
             Was an Initiate of Ashenzari.
             Mangled by a killer bee (9 damage)
             ... on level 4 of the Dungeon.
             The game lasted 00:19:10 (4054 turns).

RascalDebosk the Magician (Djinni Air Elementalist) Turns: 4054, Time: 00:19:11

Health: -7/52      AC:  2    Str:  7    XL:     7   Next: 93%
Gold:   241        EV: 12    Int: 19    God:    Ashenzari [......] SH:  0 Dex: 13

rFire   + + .      SeeInvis .   l - +0 falchion
rCold   x . .      Faith    .   (no shield)
rNeg    . . .      Spirit   .   a - +0 robe
rPois   ∞          Reflect  .   (no helmet)
rElec   .          Harm     .   (no cloak)
rCorr   .          Rampage  .   (no gloves)
Will    .....                   (boots unavailable)
Stlth   ++........              (no amulet)
HPRegen 0.17/turn               (no ring)
MPRegen 0.00/turn               (no ring)

@: flying
A: sickness immunity, fire resistance 2, cold vulnerability 1, float, innate
caster, HP casting, extra vitality 1
a: Renounce Religion


You were on level 4 of the Dungeon.
You worshipped Ashenzari.
Ashenzari was noncommittal.
You visited 2 branches of the dungeon, and saw 5 of its levels.

You collected 241 gold pieces.

Inventory:

Hand Weapons
 l - a +0 falchion (weapon)
Armour
 a - a +0 robe (worn)
Magical Staves
 m - a staff of conjuration
Scrolls
 e - a scroll of brand weapon {unknown}
 j - a scroll of magic mapping
 o - a scroll of teleportation {unknown}
 p - a scroll of poison {unknown}
 r - a scroll of fear {unknown}
Potions
 b - 2 potions of brilliance
 c - a potion of resistance {unknown}
 d - a potion of berserk rage
 f - 2 potions of lignification
 g - a potion of invisibility
 h - 3 potions of curing
 k - 2 potions of magic {unknown}
 n - a potion of attraction {unknown}
 q - a potion of degeneration {unknown}


   Skills:
 + Level 4.2 Fighting
 + Level 2.8 Dodging
 - Level 1.5 Stealth
 * Level 5.5 Spellcasting


You had 2 spell levels left.
You knew the following spells:

 Your Spells              Type           Power      Damage    Failure   Level
a - Shock                 Conj/Air       100%       1d9       1%          1
b - Static Discharge      Conj/Air       26%        3-7/arc   1%          2
c - Swiftness             Air            26%        N/A       3%          3
d - Airstrike             Air            13%        2d(2-18)  12%         4
e - Beastly Appendage     Tmut           52%        N/A       1%          1
f - Passwall              Tmut/Erth      21%        N/A       1%          2
g - Blink                 Tloc           52%        N/A       1%          2
Your spell library was empty.

Dungeon Overview and Level Annotations

Branches:
Dungeon (4/15)             Temple (1/1) D:4

Altars:
Ashenzari
Cheibriados
Dithmenos
Elyvilon
Fedhas
Gozag
Hepliaklqana
Makhleb
Okawaru
Qazlal
Ru
Xom
Zin


Innate Abilities, Weirdness & Mutations

You are immune to sickness and miasma.
You are immune to poison.
Your flesh is very heat resistant. (rF++)
You are vulnerable to cold. (rC-)
You float through the air rather than walking.
You learn spells naturally, not from books.
Your magical power is your life essence.
You have superior vitality. (+4 MHP)


Message History

Aim: a killer bee (asleep, 100% to hit)
The zap hits the killer bee.
The killer bee is moderately wounded.
Aiming: Shock (safe; 1% risk of failure)
Press: ? - help, Q - select action, (/) - cycle Shift-Dir - straight line, f/p - killer bee
Aim: a killer bee (lightly wounded, 48% to hit)
The zap hits the killer bee.
The killer bee is moderately wounded.
A killer bee comes into view. x2
The killer bee moves out of view.
Aiming: Shock (safe; 1% risk of failure)
Press: ? - help, Q - select action, (/) - cycle Shift-Dir - straight line, f/p - killer bee
Aim: a killer bee (moderately wounded, 48% to hit)
The zap hits the killer bee.
The killer bee is heavily wounded.
The killer bee buzzes angrily.
A killer bee comes into view.
Aiming: Shock (safe; 1% risk of failure)
Press: ? - help, Q - select action, (/) - cycle Shift-Dir - straight line, f/p - killer bee
Aim: a killer bee (heavily wounded, 48% to hit)
The zap misses the killer bee.
The killer bee buzzes angrily.
You hear an angry buzzing noise.
A killer bee comes into view.
The killer bee stings you. The killer bee stings you!
A killer bee comes into view.
The killer bee moves out of view.
Aiming: Shock (safe; 1% risk of failure)
Press: ? - help, Q - select action, (/) - cycle Shift-Dir - straight line, f/p - killer bee
Aim: a killer bee (heavily wounded, 48% to hit)
The zap hits the killer bee.
The killer bee is almost dead.
The killer bee buzzes angrily.
The killer bee stings you. The killer bee barely misses you.
Aiming: Shock (safe; 1% risk of failure)
Press: ? - help, Q - select action, (/) - cycle Shift-Dir - straight line, f/p - killer bee
Aim: a killer bee (almost dead, 48% to hit)
The zap hits the killer bee.
The killer bee is almost dead.
The zap misses the killer bee.
The killer bee stings you! The killer bee closely misses you.
Aiming: Shock (safe; 1% risk of failure)
Press: ? - help, Q - select action, (/) - cycle Shift-Dir - straight line, f/p - killer bee
Aim: a killer bee (almost dead, 48% to hit)
Okay, then.
Casting: Shock (safe; 1% risk of failure)
Confirm with . or Enter, or press ? or * to list all spells.
The killer bee is struck by an arc of lightning!
You kill the killer bee!
The killer bee is struck by an arc of lightning.
The killer bee is lightly wounded.
The killer bee is struck by an arc of lightning.
The killer bee is moderately wounded.
The lightning grounds out.
The killer bee is struck by an arc of lightning.
The killer bee is moderately wounded.
The killer bee is struck by an arc of lightning.
The killer bee is heavily wounded.
The killer bee is struck by an arc of lightning.
The killer bee is heavily wounded.
The lightning grounds out.
The killer bee is struck by an arc of lightning.
The killer bee is severely wounded.
The killer bee is struck by an arc of lightning.
The killer bee is almost dead.
The killer bee is struck by an arc of lightning!
The killer bee is almost dead.
The killer bee is struck by an arc of lightning!
You kill the killer bee!
The lightning grounds out.
* * * LOW HITPOINT WARNING * * *
The killer bee stings you!
* * * LOW HITPOINT WARNING * * *
The killer bee stings you.
* * * LOW HITPOINT WARNING * * *
Your Fighting skill increases to level 4!
Casting: Static Discharge (safe; 1% risk of failure)
Confirm with . or Enter, or press ? or * to list all spells.
The killer bee is struck by an arc of lightning!
You kill the killer bee!
The killer bee is struck by an arc of lightning.
You kill the killer bee!
The lightning grounds out.
* * * LOW HITPOINT WARNING * * *
The killer bee stings you.
* * * LOW HITPOINT WARNING * * *
Casting: Static Discharge (safe; 1% risk of failure)
Confirm with . or Enter, or press ? or * to list all spells.
The killer bee is struck by an arc of lightning.
The killer bee is moderately wounded.
You are struck by an arc of lightning.
* * * LOW HITPOINT WARNING * * *
The killer bee is struck by an arc of lightning!
The killer bee is severely wounded.
The lightning grounds out.
* * * LOW HITPOINT WARNING * * *
The killer bee stings you.
* * * LOW HITPOINT WARNING * * *
The killer bee stings you!
You die...

*,,,,,,**#.....#* #.....)
*,,,,,,***#...#### #.....)
**,,*,,,####..##.#####.....†
**,,,,,,*#..........##....##)
*,,,,,,,*##..##:.......####.)
*,,,,..###...##.>.##...##*,..
****,........##)............†
*,#.#..##..######........,
****##...@## #.........
#...yy#* #.###.##.. *#......*
*#.# *##,,. #.......#**
*..#***,,,,
#........,****,,,**,,,,
##........,,,,,,,,,,,,,
##...#...,,,,**,,,**,,
#...,....,,,**,*,,,,,
*,,,,,,,,*,,,,,*,,,,*


You could see 2 killer bees.

Vanquished Creatures
  Eustachio (D:4)
  4 killer bees (D:4)
  2 orc priests (D:3)
  An iguana (D:4)
  Jessica (D:3)
  Ijyb (D:4)
  Terence (D:3)
  An orc wizard (D:3)
  Robin (D:4)
  4 gnolls (D:3)
  3 adders
  A worm (D:3)
  5 dart slugs
  12 orcs (D:3)
  8 bats
  6 endoplasms
  A giant cockroach (D:1)
  8 hobgoblins
  A quokka (D:2)
  4 ball pythons
  A frilled lizard (D:3)
  11 goblins
  6 kobolds
  6 rats
90 creatures vanquished.

Notes
Turn   | Place    | Note
-------+----------+-------------------------------------------
     0 | D:1      | RascalDebosk the Djinni Air Elementalist began the quest
                  | for the Orb.
     0 | D:1      | RascalDebosk set off with the following spells memorised:
                  | Shock, Static Discharge, Swiftness, Airstrike.
     0 | D:1      | Reached XP level 1. HP: 15/15 MP: 0/0
    30 | D:1      | Found a faded altar of an unknown god.
   188 | D:1      | Reached XP level 2. HP: 18/22 MP: 0/0
   433 | D:1      | Reached skill level 1 in Fighting
   649 | D:1      | Reached XP level 3. HP: 25/27 MP: 0/0
   649 | D:1      | Learned a level 1 spell: Beastly Appendage
   652 | D:1      | Reached skill level 3 in Spellcasting
  1223 | D:2      | Found Tuawnu's Vocational Training.
  1624 | D:2      | Identified the +3 dagger of Disintegration {freeze, rF+++
                  | Str-5 Int-3 SInv}
  1875 | D:3      | Reached XP level 4. HP: 31/32 MP: 0/0
  2339 | D:3      | Reached XP level 5. HP: 31/38 MP: 0/0
  2339 | D:3      | Learned a level 2 spell: Passwall
  2349 | D:3      | Reached skill level 4 in Spellcasting
  2765 | D:3      | Noticed Terence
  2768 | D:3      | Killed Terence
  2769 | D:3      | Reached XP level 6. HP: 35/45 MP: 0/0
  3355 | D:3      | Noticed Jessica
  3359 | D:3      | Killed Jessica
  3493 | D:4      | Noticed Ijyb
  3497 | D:4      | Killed Ijyb
  3509 | D:4      | Noticed Eustachio
  3752 | D:4      | Killed Eustachio
  3753 | D:4      | Reached skill level 5 in Spellcasting
  3753 | D:4      | Reached XP level 7. HP: 42/51 MP: 0/0
  3753 | D:4      | Learned a level 2 spell: Blink
  3778 | D:4      | Noticed Robin
  3790 | D:4      | Killed Robin
  3858 | D:4      | Found a staircase to the Ecumenical Temple.
  3871 | Temple   | Entered the Ecumenical Temple
  3876 | Temple   | Became a worshipper of Ashenzari the Shackled
  4054 | D:4      | HP: 2/52 [killer bee (3)]
  4054 | D:4      | Mangled by a killer bee

Illustrated notes

Levels and vault maps discovered:
D:1:      minmay_arrival_solitary_statue, layout_rooms,
          hellmonk_ecumenical_altar_zigzags, minmay_misc_feat_room,
          minmay_statues_item
D:2:      layout_basic, minivault_23, nicolae_concentric_dashed_squares_wild,
          nicolae_shop_vocational
D:3:      layout_basic, hangedman_decor_opposing, uniq_jessica, uniq_terence
D:4:      layout_cave_pools, minmay_temple_entry_offerings,
          nicolae_concentric_dashed_squares_mild, uniq_crazy_yiuf_cottage,
          uniq_ijyb, uniq_eustachio, uniq_robin
Temple:   minmay_freezing_vapour_temple

Skill      XL: |  1  2  3  4  5  6  7 |
---------------+----------------------+-----
Fighting       | 1 2 3 4 |  4.2
Spellcasting   | 3 4 5 |  5.5
Dodging        | |  2.8
Stealth        | |  1.5

Action                   |  1- 3 |  4- 6 |  7- 9 || total
-------------------------+-------+-------+-------++-------
Melee: Falchion          |       |     1 |       ||     1
 Cast: Shock             |    65 |    64 |    27 ||   156
       Static Discharge  |       |     8 |     3 ||    11
       Airstrike         |       |     7 |       ||     7
  Use: Scroll            |       |     7 |       ||     7
Armor: Robe              |     2 |     1 |     1 ||     4
Dodge: Dodged            |     5 |     5 |     3 ||    13
